 Dungeon Crawl Stone Soup version 0.18-a0-1781-g663d63a (webtiles) character file.

410 Oddball22 the Caller (level 6, -3/48 HPs)
             Began as a Demigod Summoner on Apr 17, 2016.
             Killed by nerve-wracking pain
             ... invoked by an orc priest
              (13 damage)
             ... on level 4 of the Dungeon.
             The game lasted 00:11:02 (4932 turns).

Oddball22 the Caller (Demigod Summoner)             Turns: 4932, Time: 00:11:03

Health: -3/48      AC:  7    Str: 11    XL:     6   Next: 32%
Magic:  22/24      EV: 12    Int: 19    God:
Gold:   116        SH:  0    Dex: 20    Spells: 2 memorised, 9 levels left

rFire  . . .     SeeInvis .     k - +0 spear
rCold  . . .     Gourm    .     h - +0 ring mail
rNeg   . . .     Faith    .     (no shield)
rPois  +         Spirit   .     (no helmet)
rElec  .         Dismiss  .     (no cloak)
rCorr  .         Reflect  .     p - +1 pair of gloves
SustAt +         Harm     .     (no boots)
MR     .....                    (no amulet)
Stlth  ++........               r - ring of poison resistance
                                l - ring of magical power

@: very slightly contaminated, not resistant to hostile enchantments, unstealthy
A: high mp 1, sustain attributes
a: no special abilities


You were on level 4 of the Dungeon.
You were hungry.

You visited 1 branch of the dungeon, and saw 4 of its levels.

You collected 116 gold pieces.

Inventory:

Hand Weapons
 k - a +0 spear (weapon)
 q - a +2 vampiric whip
Missiles
 i - 31 bolts
Armour
 h - a +0 ring mail (worn)
 o - a +0 shield
 p - a +1 pair of gloves (worn)
Jewellery
 l - a ring of magical power (left hand)
 n - an uncursed ring of resist corrosion
 r - a ring of poison resistance (right hand)
Wands
 j - a wand of digging (17/24)
Scrolls
 e - 2 scrolls of amnesia {unknown}
 g - a scroll of remove curse
 m - a scroll of recharging {unknown}
 t - a scroll of teleportation
 u - a scroll of fog {unknown}
 y - a scroll of identify
Potions
 a - a potion of haste {unknown}
 d - a potion of heal wounds
 s - a potion of mutation {unknown}
 v - a potion of lignification {unknown}
 z - a potion of cure mutation {unknown}
Books
 b - a book of Callings

   Spells                             Type                      Level
   a - Summon Small Mammal            Summoning                    1
   b - Call Imp                       Summoning                    2
   c - Call Canine Familiar           Summoning                    3
   d - Summon Guardian Golem          Hexes/Summoning              3
   e - Summon Lightning Spire         Summoning/Air                4
   f - Summon Ice Beast               Ice/Summoning                4
 A - a book of Geomancy

   Spells                             Type                      Level
   a - Sandblast                      Earth                        1
   b - Passwall                       Transmutation/Earth          2
   c - Stone Arrow                    Conjuration/Earth            3
   d - Petrify                        Transmutation/Earth          4
   e - Lee's Rapid Deconstruction     Earth                        5
Comestibles
 c - 5 bread rations
 f - 6 fruits
 w - a chunk of flesh
 x - 2 meat rations


   Skills:
 - Level 2.0 Fighting
 + Level 1.9 Armour
 - Level 2.6 Dodging
 - Level 1.7 Stealth
 * Level 4.0 Spellcasting
 + Level 4.5 Summonings


You had 9 spell levels left.
You knew the following spells:

 Your Spells              Type           Power        Failure   Level  Hunger
a - Summon Small Mammal   Summ           ###.         6%          1    None
b - Call Canine Familiar  Summ           ###.....     17%         3    ###....


Dungeon Overview and Level Annotations

Branches:
Dungeon (4/15)
 Temple: D:4-7

Shops:
D:4 *


Innate Abilities, Weirdness & Mutations

You have an increased reservoir of magic (+10% MP).
Your attributes are resistant to harm.


Message History

Aim: an orc priest (moderately wounded)
You closely miss the orc priest.
The orc priest is moderately wounded.
The orc priest barely misses you. x2
Attack whom?
Press: ? - help, Dir - move target cursor, f/p - orc priest
Aim: an orc priest (moderately wounded)
You closely miss the orc priest.
The orc priest is moderately wounded.
The orc priest calls down the wrath of Beogh upon you.
Pain shoots through your body!
* * * LOW HITPOINT WARNING * * *
Attack whom?
Press: ? - help, Dir - move target cursor, f/p - orc priest
Aim: an orc priest (moderately wounded)
You hit the orc priest.
The orc priest is moderately wounded.
The orc priest calls down the wrath of Beogh upon you.
Pain shoots through your body!
You die...

######### #@).....#
#o#####.## ###### #)# #..#
#....# ###.# ##.### #....#
#...## #....# #
#....###....####.##.#######
#........._......#.........
#<...####....#####.........
#....# ##.(.# #.........


You could see an orc priest.

Vanquished Creatures
  A crimson imp (D:3)
  An orc priest (D:4)
  An orc wizard (D:3)
  2 worker ants (D:4)
  3 gnolls
  7 adders
  An adder skeleton (D:4)
  2 worms
  2 dart slugs (D:1)
  3 giant geckos
  17 orcs
  4 giant cockroaches
  5 goblins
  7 hobgoblins
  A quokka (D:2)
  8 bats
  A giant gecko skeleton (D:4)
  A giant newt (D:2)
  9 kobolds
  9 rats
85 creatures vanquished.

Vanquished Creatures (collateral kills)
  A howler monkey (D:4)
  An orc priest (D:4)
  An orc wizard (D:3)
  2 gnolls (D:2)
  5 orcs
  A kobold (D:1)
  A bat (D:2)
12 creatures vanquished.

Grand Total: 97 creatures vanquished

Notes
Turn   | Place    | Note
--------------------------------------------------------------
     0 | D:1      | Oddball22 the Demigod Summoner began the quest for the Orb.
     0 | D:1      | Reached XP level 1. HP: 14/14 MP: 5/5
   341 | D:1      | Reached XP level 2. HP: 10/22 MP: 1/7
   425 | D:1      | Reached skill level 1 in Fighting
  1226 | D:2      | Reached skill level 1 in Armour
  1304 | D:2      | Reached XP level 3. HP: 26/28 MP: 8/8
  1997 | D:2      | Learned a level 3 spell: Call Canine Familiar
  2181 | D:2      | Reached XP level 4. HP: 29/36 MP: 9/9
  2359 | D:2      | Found a sacrificial altar of Ru.
  2980 | D:3      | Reached XP level 5. HP: 26/41 MP: 12/12
  4226 | D:4      | Found a radiant altar of Vehumet.
  4288 | D:4      | Found a shattered altar of Ashenzari.
  4387 | D:4      | Found Bikk's Elemental Accessories.
  4557 | D:4      | Reached XP level 6. HP: 45/48 MP: 14/14
  4932 | D:4      | Killed from afar by an orc priest

Vault maps used:
D:1:      onia_arrival_mini_maze, minmay_misc_feat_diagonals
D:2:      lemuel_crystal_altar
D:3:      due_unseen_surprise
D:4:      nicolae_overflow_crystal_walls, evilmike_ruin_ashenzari, first_bread,
          nicolae_elemental_shop

Skill      XL: |  1  2  3  4  5  6 |
---------------+-------------------+-----
Dodging        | 2 |  2.6
Fighting       | 1 2 |  2.0
Armour         | 1 |  1.9
Spellcasting   | 2 3 4 |  4.0
Summonings     | 4 |  4.5
Stealth        | |  1.7

Action                   |  1- 3 |  4- 6 || total
-------------------------+-------+-------++-------
Melee: Short sword       |   116 |       ||   116
       Unarmed           |     5 |       ||     5
       Spear             |    49 |   315 ||   364
 Cast: Summon Small Mamm |    12 |       ||    12
       Call Canine Famil |     1 |     8 ||     9
  Use: Scroll            |     4 |       ||     4
 Stab: Distracted        |     3 |       ||     3
       Sleeping          |     2 |     4 ||     6
  Eat: Chunk             |     4 |    10 ||    14
Armor: Ring mail         |    62 |    84 ||   146
Dodge: Dodged            |   100 |   147 ||   247
